[Event "54th Rubinstein Memorial-A 2018"]
[Site "Polanica-Zdroj"]
[Date "2018.08.22"]
[Round "5"]
[White "Jaskolka, Tomasz"]
[Black "Reza, Wojciech"]
[Result "1-0"]
[ECO "E10"]
[WhiteElo "2165"]
[BlackElo "2303"]
[Annotator "ChessBase"]
[PlyCount "114"]
[EventDate "2018.08.18"]
[EventType "swiss"]
[EventCountry "POL"]
[SourceTitle "playchess.com"]
[Source "ChessBase"]
[SourceQuality "1"]
[TimeControl "40/5400+30:1800+30"]

1. d4 Nf6 2. c4 e6 3. Nf3 c5 4. d5 exd5 5. cxd5 Bd6 6. Nc3 Bc7 7. Bg5 d6 8. Qa4+ Nbd7 9. e3 a6 10. Bd3 h6 11. Bh4 Qe7 12. Ne4 g5 13. Nfxg5 hxg5 14. Bxg5 Kf8 15. Nxf6 Nxf6 16. Qf4 Bd8 17. O-O-O Qe5 18. Qxe5 dxe5 19. e4 Bd7 20. f3 c4 21. Be2 Rc8 22. Bd2 Ba4 23. Rdf1 Bb6 24. Bd1 Bxd1 25. Rxd1 Bd4 26. Bc3 Bxc3 27. bxc3 Ke7 28. Kd2 Rcg8 29. g3 Nd7 30. Ke3 Rh3 31. f4 f6 32. fxe5 Nxe5 33. Rb1 b5 34. a4 Rb8 35. axb5 axb5 36. Ra1 Rb6 37. Ra7+ Kd6 38. Rf1 Ng4+ 39. Kd4 Rh6 40. h3 Ne5 41. g4 Nd7 42. g5 Rh4 43. Rf3 f5 44. Rxf5 Ke7 45. Re5+ Kd8 46. Re6 Rxe6 47. dxe6 Nb8 48. e7+ Ke8 49. Ra8 Kxe7 50. Rxb8 Rxh3 51. Rxb5 Kd6 52. Rb6+ Kc7 53. Rb4 Rg3 54. Rxc4+ Kd6 55. Rc5 Rg1 56. Rd5+ Ke6 57. c4 Rh1 1-0

[Event "54th Rubinstein Memorial-A 2018"]
[Site "Polanica-Zdroj"]
[Date "2018.08.22"]
[Round "5"]
[White "Zaleski, Lukasz"]
[Black "Betkowski, Andrzej"]
[Result "1/2-1/2"]
[ECO "C15"]
[WhiteElo "2164"]
[BlackElo "2041"]
[Annotator "NA"]
[PlyCount "69"]
[EventDate "2018.08.18"]
[EventType "swiss"]
[EventCountry "POL"]
[SourceTitle "playchess.com"]
[Source "ChessBase"]
[SourceQuality "1"]
[TimeControl "40/5400+30:1800+30"]

1. e4 e6 2. d4 d5 3. Nc3 Bb4 4. exd5 exd5 5. Bd3 $11 Nf6 6. Nge2 O-O 7. O-O Re8 8. Bg5 c6 9. Ng3 Nbd7 10. Nf5 Nf8 11. Qf3 Bxf5 12. Qxf5 Be7 13. Bf4 Qd7 14. Rfe1 g6 15. Qxd7 N6xd7 16. Ne2 Ne6 17. Bg3 f5 18. c3 Bg5 19. Bd6 Bd2 20. Red1 Bh6 21. f4 Bf8 22. Be5 Bg7 23. h3 Nf6 24. Bxf6 Bxf6 25. g4 fxg4 26. hxg4 Re7 27. f5 gxf5 28. gxf5 Ng5 29. Nf4 Rae8 30. Ng2 Rg7 31. Kf2 Nh3+ 32. Kf3 Ng5+ 33. Kf2 Nh3+ 34. Kf3 Ng5+ 35. Kf2 1/2-1/2

[Event "54th Rubinstein Memorial-A 2018"]
[Site "Polanica-Zdroj"]
[Date "2018.08.22"]
[Round "5"]
[White "Kozak, Antoni"]
[Black "Cherepov, Alexej"]
[Result "1/2-1/2"]
[ECO "A45"]
[WhiteElo "2157"]
[BlackElo "2245"]
[Annotator "NA"]
[PlyCount "75"]
[EventDate "2018.08.18"]
[EventType "swiss"]
[EventCountry "POL"]
[SourceTitle "playchess.com"]
[Source "ChessBase"]
[SourceQuality "1"]
[TimeControl "40/5400+30:1800+30"]

1. d4 Nf6 2. Bf4 c5 3. d5 Qb6 4. Nc3 Qxb2 5. Bd2 Qb6 6. e4 d6 7. f4 g6 8. e5 dxe5 9. fxe5 Nfd7 $1 10. Nf3 $14 Bg7 11. Rb1 Qd8 12. e6 fxe6 13. Ng5 Nf6 14. Bb5+ Kf8 15. dxe6 Qd4 16. Ne2 Qd5 17. Bc3 Nc6 18. O-O Qxg5 19. Bxc6 Bxe6 20. Nf4 Kf7 21. h4 Qg4 22. Nxe6 Qxd1 23. Ng5+ Kg8 24. Rfxd1 bxc6 25. Rb7 h6 26. Ne6 Re8 27. Rxa7 Kf7 28. Nxg7 Kxg7 29. Rd6 Rhf8 30. Rxc6 Kg8 31. Be5 g5 32. hxg5 hxg5 33. Rxc5 Ne4 34. Rcc7 Rf5 35. Rxe7 Rxe5 36. Rg7+ Kh8 37. Rh7+ Kg8 38. Rag7+ 1/2-1/2

[Event "54th Rubinstein Memorial-A 2018"]
[Site "Polanica-Zdroj"]
[Date "2018.08.22"]
[Round "5"]
[White "Klepek, Witold"]
[Black "Kucza, Karol"]
[Result "1/2-1/2"]
[ECO "C45"]
[WhiteElo "2139"]
[BlackElo "2342"]
[Annotator "NA"]
[PlyCount "64"]
[EventDate "2018.08.18"]
[EventType "swiss"]
[EventCountry "POL"]
[SourceTitle "playchess.com"]
[Source "ChessBase"]
[SourceQuality "1"]
[TimeControl "40/5400+30:1800+30"]

1. e4 e5 2. Nf3 Nc6 3. d4 exd4 4. Nxd4 Nf6 5. Nxc6 bxc6 6. e5 Qe7 7. Qe2 Nd5 8. c4 Ba6 9. b3 g6 10. Bb2 Bg7 11. g3 O-O 12. Bg2 Rae8 13. O-O Bxe5 {[%emt 0:00:08] C45: Schottische Partie} 14. Qxe5 Qxe5 15. Bxe5 Rxe5 16. cxd5 Bxf1 17. Kxf1 cxd5 18. Na3 c6 19. Nc2 (19. Rd1 Rfe8 20. Bf3 Kf8 21. Nc2 {½-½ (32) Salgado Lopez,I (2644)-Kryvoruchko,Y (2689) Riadh 2017}) 19... Rb8 $146 ({Vorgänger:} 19... Rfe8 20. Bf3 a5 21. Rd1 {½-½ (88) Kovernikov,B (2338)-Schwarz,J (2253) ICCF email 2011}) 20. Rd1 Kf8 21. Rd4 Ree8 22. Rh4 h5 23. Ra4 Rb7 24. Bf3 Ke7 25. Ke2 Kd6+ 26. Kd2 Re7 27. Ne1 Re8 28. Nd3 $11 Ra8 29. Ra5 a6 30. Be2 Rb5 31. Ra4 a5 32. h4 Rbb8 1/2-1/2

[Event "54th Rubinstein Memorial-A 2018"]
[Site "Polanica-Zdroj"]
[Date "2018.08.21"]
[Round "5"]
[White "Bilczewski, Kacper"]
[Black "Okrucinski, Tadeusz"]
[Result "1/2-1/2"]
[ECO "B22"]
[WhiteElo "2089"]
[BlackElo "2182"]
[Annotator "NA"]
[PlyCount "81"]
[EventDate "2018.08.18"]
[EventType "swiss"]
[EventCountry "POL"]
[SourceTitle "playchess.com"]
[Source "ChessBase"]
[SourceQuality "1"]
[TimeControl "40/5400+30:1800+30"]

1. e4 c5 2. c3 d5 3. exd5 Qxd5 4. d4 Nf6 5. Nf3 cxd4 6. cxd4 e6 7. Nc3 Qd6 8. Be2 Be7 9. O-O O-O 10. Nb5 Qd8 11. Bf4 Nc6 12. Rc1 Nd5 13. Bg3 a6 14. Nc3 Nxc3 15. bxc3 Qa5 16. Qb3 Rd8 17. Rfd1 Qa3 18. c4 Qxb3 19. axb3 Bf6 20. d5 exd5 21. cxd5 Nb4 22. d6 Na2 23. Rc7 Nc3 24. Re1 Nxe2+ 25. Rxe2 b5 26. b4 h6 27. h3 Be6 28. Rd2 Rac8 29. Rdc2 Ra8 30. R2c5 a5 31. bxa5 Rxa5 32. Rb7 Ra1+ 33. Kh2 Bc4 34. Nd2 Bd4 35. Rcc7 Be6 36. Nf3 Bf6 37. Rxb5 Rd1 38. Rbb7 Ra8 39. Ra7 Rb8 40. Rab7 Ra8 41. Ra7 1/2-1/2

[Event "54th Rubinstein Memorial-A 2018"]
[Site "Polanica-Zdroj"]
[Date "2018.08.21"]
[Round "5"]
[White "Mazalon, Mariusz"]
[Black "Frolov, Artur"]
[Result "0-1"]
[ECO "E70"]
[WhiteElo "2055"]
[BlackElo "2420"]
[Annotator "ChessBase"]
[PlyCount "84"]
[EventDate "2018.08.18"]
[EventType "swiss"]
[EventCountry "POL"]
[SourceTitle "playchess.com"]
[Source "ChessBase"]
[SourceQuality "1"]
[TimeControl "40/5400+30:1800+30"]

1. d4 Nf6 2. c4 g6 3. Nc3 Bg7 4. e4 d6 5. Bg5 h6 6. Bh4 c5 7. d5 Qa5 8. Qd2 g5 9. Bg3 Nh5 10. Bd3 Nd7 11. Nge2 Ne5 12. O-O Bd7 13. a3 Nxg3 14. Nxg3 h5 15. Be2 g4 16. Nf5 Bxf5 17. exf5 Nd7 18. Qc2 Bxc3 19. bxc3 O-O-O 20. Rfb1 Kb8 21. Rb5 Qc7 22. Rab1 b6 23. a4 a6 24. R5b2 Ka7 25. Bd1 Rb8 26. Qe4 Ne5 27. f4 gxf3 28. Bxf3 h4 29. Bd1 a5 30. Rf2 Rh6 31. Rf4 Rbh8 32. Rb2 Qd8 33. Re2 Qg8 34. Qc2 Qg5 35. Ree4 Rf6 36. Bg4 e6 37. dxe6 fxe6 38. Qd2 Nxg4 39. Qxd6 e5 40. Qe7+ Kb8 41. Rxg4 Qc1+ 42. Kf2 Rxf5+ 0-1

[Event "54th Rubinstein Memorial-A 2018"]
[Site "Polanica-Zdroj"]
[Date "2018.08.22"]
[Round "5"]
[White "Harazinska, Magdalena"]
[Black "Nowak, Kamil"]
[Result "0-1"]
[ECO "D10"]
[WhiteElo "2035"]
[BlackElo "2313"]
[Annotator "NA"]
[PlyCount "92"]
[EventDate "2018.08.18"]
[EventType "swiss"]
[EventCountry "POL"]
[SourceTitle "playchess.com"]
[Source "ChessBase"]
[SourceQuality "1"]
[TimeControl "40/5400+30:1800+30"]

1. d4 d5 2. c4 c6 3. cxd5 cxd5 4. Nc3 Nc6 5. Nf3 Nf6 6. Bf4 a6 7. Rc1 Bf5 8. e3 e6 9. Qb3 Ra7 10. Be2 Be7 11. O-O O-O 12. Na4 Nd7 13. Nc5 $11 Nxc5 14. dxc5 Bf6 15. Bd6 Re8 16. Rfd1 Qd7 17. Qa3 Raa8 18. h3 h6 19. Bd3 Bxd3 20. Rxd3 Be7 21. Bxe7 Qxe7 22. b4 Rec8 23. Rdc3 Rc7 24. Qb3 Rac8 25. a3 Qf6 26. Qd1 Na7 27. a4 Nc6 28. b5 Na5 29. Qd4 Nc4 30. bxa6 bxa6 31. Qxf6 gxf6 32. Rb3 Rxc5 33. Rcb1 Ne5 34. Nd4 Rc1+ 35. Rxc1 Rxc1+ 36. Kh2 Ra1 37. Rb8+ Kg7 38. Rb7 Kg6 39. f4 Nc4 40. Nc6 Rxa4 41. Rb8 Nxe3 42. Ne7+ Kh5 43. Rh8 Ra2 44. Rg8 d4 45. Rg7 d3 46. Ng8 Rxg2+ 0-1

[Event "54th Rubinstein Memorial-A 2018"]
[Site "Polanica-Zdroj"]
[Date "2018.08.22"]
[Round "5"]
[White "Budnik, Mateusz"]
[Black "Lapaj, Mateusz"]
[Result "0-1"]
[ECO "C02"]
[WhiteElo "2003"]
[BlackElo "2198"]
[Annotator "NA"]
[PlyCount "54"]
[EventDate "2018.08.18"]
[EventType "swiss"]
[EventCountry "POL"]
[SourceTitle "playchess.com"]
[Source "ChessBase"]
[SourceQuality "1"]
[TimeControl "40/5400+30:1800+30"]

1. e4 e6 2. d4 d5 3. e5 c5 4. c3 Nc6 5. Nf3 Bd7 6. a3 f6 7. exf6 Nxf6 8. b4 c4 9. Bg5 Bd6 10. Be2 O-O 11. O-O Qc7 12. Nbd2 Be8 13. Re1 Bg6 14. Nxc4 dxc4 15. Bxc4 Ne4 16. Bxe6+ Kh8 17. Qc1 Rxf3 18. gxf3 Bxh2+ 19. Kf1 Nxf2 20. Kxf2 Qg3+ 21. Ke2 Re8 22. Qe3 Qg2+ 23. Qf2 Bd3+ 24. Ke3 Rxe6+ 25. Kxd3 Qxf2 26. Rxe6 Qxf3+ 27. Kc4 b5+ 0-1

[Event "54th Rubinstein Memorial-A 2018"]
[Site "Polanica-Zdroj"]
[Date "2018.08.22"]
[Round "5"]
[White "Rosicki, Marcin"]
[Black "Kumala, Aleksander"]
[Result "1/2-1/2"]
[ECO "B02"]
[WhiteElo "2002"]
[BlackElo "2238"]
[Annotator "NA"]
[PlyCount "75"]
[EventDate "2018.08.18"]
[EventType "swiss"]
[EventCountry "POL"]
[SourceTitle "playchess.com"]
[Source "ChessBase"]
[SourceQuality "1"]
[TimeControl "40/5400+30:1800+30"]

1. e4 Nf6 2. Nc3 d5 3. exd5 Nxd5 4. Bc4 Nb6 5. Bb3 Nc6 {[%emt 0:00:00] LiveBook: 147 Games} 6. Nf3 Bf5 7. d3 e6 8. Bf4 Be7 9. a4 a6 10. a5 Nd5 11. Nxd5 exd5 12. Ba4 O-O 13. Bxc6 bxc6 14. O-O $11 Bg4 15. h3 Bh5 16. g4 Bg6 17. Ne5 Bf6 18. Re1 Bxe5 19. Rxe5 Qb8 20. b3 Qb4 21. Qd2 Qxd2 22. Bxd2 Rfe8 23. Rae1 f6 24. Rxe8+ Rxe8 25. Rxe8+ Bxe8 26. Bf4 c5 27. Bxc7 Bf7 28. f4 c4 29. Kf2 cxb3 30. cxb3 Be8 31. Ke3 Kf7 32. Kd4 Bb5 33. Bd6 Ke6 34. Bf8 g6 35. Kc3 f5 36. gxf5+ Kxf5 37. Bd6 g5 38. fxg5 {[%emt 0:00:06] Ke5} 1/2-1/2

[Event "54th Rubinstein Memorial-A 2018"]
[Site "Polanica-Zdroj"]
[Date "2018.08.21"]
[Round "5"]
[White "Vanduyfhuys, Daria"]
[Black "Zaleski, Lukasz"]
[Result "1/2-1/2"]
[ECO "E16"]
[WhiteElo "1878"]
[BlackElo "2164"]
[Annotator "NA"]
[PlyCount "86"]
[EventDate "2018.08.18"]
[EventType "swiss"]
[EventCountry "POL"]
[SourceTitle "playchess.com"]
[Source "ChessBase"]
[SourceQuality "1"]
[TimeControl "40/5400+30:1800+30"]

1. d4 e6 2. c4 Nf6 3. Nf3 Bb4+ 4. Bd2 Qe7 5. g3 O-O 6. Nc3 d6 7. Bg2 Bxc3 8. Bxc3 Ne4 9. Qc2 f5 10. O-O Nd7 11. Nd2 Nxc3 12. Qxc3 e5 13. e4 f4 14. d5 a5 15. Bh3 Nc5 16. Bxc8 Rfxc8 17. b3 c6 18. gxf4 exf4 19. Rae1 Re8 20. Kh1 Qe5 21. Qxe5 Rxe5 22. f3 Nd3 23. Rd1 c5 24. Nb1 Nb4 25. Nc3 Nc2 26. Rd2 Nd4 27. Ne2 Nxe2 28. Rxe2 g5 29. h4 a4 30. b4 cxb4 31. Rb2 g4 32. fxg4 Rxe4 33. Rxb4 f3 34. Rxf3 Rxg4 35. Rf6 Re8 36. Rxd6 h5 37. Re6 Rxh4+ 38. Kg2 Rxe6 39. dxe6 Re4 40. Rxa4 Rxe6 41. Ra8+ Kf7 42. Ra7 Kf6 43. Rxb7 Re2+ 1/2-1/2

[Event "54th Rubinstein Memorial-A 2018"]
[Site "Polanica-Zdroj"]
[Date "2018.08.22"]
[Round "5"]
[White "Luberanski, Jakub"]
[Black "Dzikowski, Michal"]
[Result "1-0"]
[ECO "B19"]
[WhiteElo "1763"]
[BlackElo "2155"]
[Annotator "NA"]
[PlyCount "81"]
[EventDate "2018.08.18"]
[EventType "swiss"]
[EventCountry "POL"]
[SourceTitle "playchess.com"]
[Source "ChessBase"]
[SourceQuality "1"]
[TimeControl "40/5400+30:1800+30"]

1. e4 c6 2. d4 d5 3. Nc3 dxe4 4. Nxe4 Bf5 5. Ng3 Bg6 6. h4 h6 7. Nf3 Nd7 8. h5 Bh7 9. Bd3 Bxd3 10. Qxd3 e6 11. Bd2 Ngf6 12. O-O-O Qc7 13. Ne4 Nxe4 14. Qxe4 Nf6 15. Qe2 O-O-O 16. g3 Bd6 17. c4 c5 18. Bc3 cxd4 19. Bxd4 Be7 20. Ne5 Bd6 21. Kb1 Bxe5 22. Bxe5 Qc5 23. Rde1 Ne8 24. g4 f6 25. Bc3 Nc7 26. f4 Rd7 27. Reg1 Rhd8 28. Qe4 Rd3 29. g5 Re3 30. Qc2 hxg5 31. fxg5 Rh3 32. gxf6 gxf6 33. Bxf6 Rf8 34. Be7 Qxe7 35. Rxh3 Qc5 36. Rgh1 Rf2 37. Qd3 Qe5 38. Qc3 Qe4+ 39. Ka1 Qf5 40. a3 Na6 41. h6 1-0

[Event "54th Rubinstein Memorial-A 2018"]
[Site "Polanica-Zdroj"]
[Date "2018.08.23"]
[Round "6"]
[White "Bukojemski, Adam"]
[Black "Betkowski, Andrzej"]
[Result "1-0"]
[ECO "C18"]
[WhiteElo "2233"]
[BlackElo "2041"]
[Annotator "NA RC"]
[PlyCount "75"]
[EventDate "2018.08.18"]
[EventType "swiss"]
[EventCountry "POL"]
[SourceTitle "playchess.com"]
[Source "ChessBase"]
[SourceQuality "1"]
[TimeControl "40/5400+30:1800+30"]

1. e4 e6 2. d4 d5 3. Nc3 Bb4 4. e5 c5 5. a3 Bxc3+ 6. bxc3 Qa5 7. Bd2 Qa4 8. Nf3 b6 9. Qb1 Ba6 10. Qb3 Qc6 11. c4 $15 Ne7 12. cxd5 exd5 13. Bxa6 Nxa6 14. O-O Nc7 15. c4 O-O 16. dxc5 bxc5 17. cxd5 Nexd5 18. Rab1 Ne6 19. Rfc1 Rfc8 20. Rc4 Nb6 21. Rh4 c4 22. Qc2 g6 23. Rc1 Qd5 24. a4 Qd8 25. h3 Rc6 26. Rd1 Qc7 27. Bc3 Rd8 28. Nd4 Nxd4 29. Rhxd4 Rxd4 30. Rxd4 Nd7 31. Qd2 Nc5 32. Rxc4 Ne4 33. Rxc6 Qxc6 34. Qd8+ Kg7 35. Bd4 Qc1+ 36. Kh2 Qf4+ 37. g3 Nxg3 38. Qf6+ 1-0

[Event "54th Rubinstein Memorial-A 2018"]
[Site "Polanica-Zdroj"]
[Date "2018.08.23"]
[Round "6"]
[White "Banaszkiewicz, Mikolaj"]
[Black "Okrucinski, Tadeusz"]
[Result "1/2-1/2"]
[ECO "A46"]
[WhiteElo "1984"]
[BlackElo "2182"]
[Annotator "NA"]
[PlyCount "83"]
[EventDate "2018.08.18"]
[EventType "swiss"]
[EventCountry "POL"]
[SourceTitle "playchess.com"]
[Source "ChessBase"]
[SourceQuality "1"]
[TimeControl "40/5400+30:1800+30"]

1. d4 Nf6 2. Nf3 c5 3. e3 e6 4. Nbd2 d5 5. c3 Be7 6. Bd3 O-O 7. Ne5 b6 8. f4 Ba6 9. Bxa6 Nxa6 10. O-O Nc7 11. Qf3 Nb5 12. Qh3 Nd6 13. Ndf3 Nfe4 14. Bd2 Qc8 15. Be1 f6 16. Nd3 a5 17. g4 a4 18. a3 Nf7 19. Bh4 c4 20. Nf2 Bd6 21. g5 fxg5 22. Nxe4 gxh4 23. Neg5 h6 24. Nxf7 Rxf7 25. Qxh4 Qd8 26. Kh1 Qf6 27. Qxf6 gxf6 28. Rf2 f5 29. Rg1+ Rg7 30. Rfg2 Raa7 31. Rg6 Bf8 32. Rxe6 Rxg1+ 33. Kxg1 Re7 34. Rxe7 Bxe7 35. Kg2 b5 36. Ne1 Kf7 37. Kg3 Kg6 38. Nf3 Kh5 39. Kh3 Bf8 40. Ne1 Bd6 41. Nc2 Bxa3 42. bxa3 1/2-1/2

[Event "54th Rubinstein Memorial-A 2018"]
[Site "Polanica-Zdroj"]
[Date "2018.08.24"]
[Round "7"]
[White "Manik, Mikulas"]
[Black "Nurkiewicz, Maciej"]
[Result "1/2-1/2"]
[ECO "C42"]
[WhiteElo "2408"]
[BlackElo "2371"]
[Annotator "ChessBase"]
[PlyCount "61"]
[EventDate "2018.08.18"]
[EventType "swiss"]
[EventCountry "POL"]
[SourceTitle "playchess.com"]
[Source "ChessBase"]
[SourceQuality "1"]
[TimeControl "40/5400+30:1800+30"]

1. e4 e5 2. Nf3 Nf6 3. d3 Nc6 4. g3 d5 5. Nbd2 dxe4 6. dxe4 Bc5 7. Bg2 O-O 8. O-O h6 9. Qe2 Bg4 10. h3 Be6 11. c3 a5 12. Nc4 Nd7 13. Rd1 Qe7 14. Nh4 Nb6 15. Nf5 Qf6 16. Nce3 Rfd8 17. Ng4 Qg6 18. Be3 Bxe3 19. Nxe5 Qf6 20. Nxc6 Bxf2+ 21. Qxf2 bxc6 22. Qc5 Rxd1+ 23. Rxd1 Bxa2 24. Ne7+ Kh8 25. Nxc6 Qg5 26. Qf2 Bb3 27. Re1 a4 28. e5 Re8 29. Kh2 Qg6 30. Be4 Qe6 31. Bg2 1/2-1/2

[Event "54th Rubinstein Memorial-A 2018"]
[Site "Polanica-Zdroj"]
[Date "2018.08.24"]
[Round "7"]
[White "Lewtak, Damian"]
[Black "Sabuk, Piotr"]
[Result "1-0"]
[ECO "A45"]
[WhiteElo "2369"]
[BlackElo "2377"]
[Annotator "NA"]
[PlyCount "89"]
[EventDate "2018.08.18"]
[EventType "swiss"]
[EventCountry "POL"]
[SourceTitle "playchess.com"]
[Source "ChessBase"]
[SourceQuality "1"]
[TimeControl "40/5400+30:1800+30"]

1. d4 Nf6 2. Bf4 d5 3. e3 c5 4. c3 Nc6 5. Nd2 {[%emt 0:01:20] D00: Damenbauernspiele} cxd4 (5... Bf5 6. Ngf3 e6 7. Be2 Bd6 8. dxc5 Bxc5 9. Nd4 Bg6 10. Qa4 O-O 11. Nxc6 bxc6 12. Qxc6 Rc8 13. Qa4 Re8 14. O-O e5 {0-1 (57) Le,Q (2737)-Ding,L (2777) Riadh 2017}) 6. exd4 Bf5 7. Qb3 Qc8 8. Ngf3 e6 9. Nh4 Be4 10. Nxe4 dxe4 11. g3 Be7 12. Ng2 O-O 13. Be2 Nd5 14. Bd2 Qd7 {[%emt 0:00:29] [#]} 15. Ne3 $146 ({Vorgänger:} 15. f3 exf3 16. Bxf3 Na5 17. Qc2 Nc4 18. O-O {½-½ (18) Sedlak,N (2581)-Perunovic,M (2618) Hungary 2014}) 15... Bg5 16. h4 Bh6 17. g4 Bf4 18. Qc2 f5 19. gxf5 $1 exf5 20. Nxd5 Bxd2+ 21. Kxd2 Qxd5 $16 22. Qb3 Qxb3 23. axb3 Rae8 24. b4 a6 25. f4 exf3 26. Bxf3 Kf7 27. Bxc6 bxc6 28. Rxa6 Re6 29. Ra7+ Kf6 30. Rg1 Rf7 31. Rxf7+ Kxf7 32. Kd3 Kf6 33. d5 cxd5 34. Kd4 Re2 35. Rb1 Ke6 36. Kc5 f4 37. b5 f3 38. Rf1 f2 39. b4 d4 40. Kxd4 Kd6 41. c4 Rb2 42. c5+ Kd7 43. Kc4 g6 44. Rd1+ Kc8 45. b6 1-0

[Event "54th Rubinstein Memorial-A 2018"]
[Site "Polanica-Zdroj"]
[Date "2018.08.24"]
[Round "7"]
[White "Psyk, Radoslaw"]
[Black "Lapaj, Mateusz"]
[Result "1-0"]
[ECO "B31"]
[WhiteElo "2304"]
[BlackElo "2198"]
[Annotator "NA"]
[PlyCount "65"]
[EventDate "2018.08.18"]
[EventType "swiss"]
[EventCountry "POL"]
[SourceTitle "playchess.com"]
[Source "ChessBase"]
[SourceQuality "1"]
[TimeControl "40/5400+30:1800+30"]

1. e4 c5 2. Nf3 Nc6 3. Bb5 g6 4. Bxc6 dxc6 5. d3 Bg7 6. h3 Nf6 7. Nc3 b6 8. O-O O-O 9. Be3 e5 10. Qd2 {[%emt 0:03:00] LiveBook: 48 Games} Nd7 11. Bh6 {[%emt 0:02:20] B31: Sicilian: 2...Nc6 3 Bb5 g6} Qe7 12. Nh2 f6 (12... Qd6 13. Ne2 Ba6 14. Ng4 Nf6 15. Bxg7 Kxg7 16. Nxf6 Qxf6 {1-0 (60) Oral,T (2515)-Studnicka,T (2374) Ostrava 2014}) 13. Ne2 $146 ({Predecessor:} 13. Bxg7 Kxg7 14. f4 exf4 15. Qxf4 Ne5 16. Nf3 Nxf3+ 17. Rxf3 Be6 18. Raf1 Rf7 {½-½ (50) Soto Hernandez,H (2362)-Adel Lahchaichi,O (2265) Havana 2011}) 13... Ba6 14. Bxg7 Qxg7 15. Qc3 Kh8 16. f4 $14 Rae8 17. Qa3 Bc8 18. Qxa7 f5 19. fxe5 Qxe5 20. Nc3 fxe4 21. dxe4 b5 22. Nf3 Qf4 23. a3 Kg8 24. Rad1 Rf7 25. Kh1 Ne5 26. Qxc5 Bxh3 27. Nh2 Bxg2+ 28. Kxg2 Qg5+ 29. Kh1 Ref8 30. Rxf7 Rxf7 31. Rg1 Qh5 32. Ne2 Rd7 33. Nf4 1-0

[Event "54th Rubinstein Memorial-A 2018"]
[Site "Polanica-Zdroj"]
[Date "2018.08.24"]
[Round "7"]
[White "Sanz Wawer, Daniel"]
[Black "Mika, Tomasz"]
[Result "0-1"]
[ECO "B24"]
[WhiteElo "2180"]
[BlackElo "2120"]
[Annotator "NA"]
[PlyCount "84"]
[EventDate "2018.08.18"]
[EventType "swiss"]
[EventCountry "POL"]
[SourceTitle "playchess.com"]
[Source "ChessBase"]
[SourceQuality "1"]
[TimeControl "40/5400+30:1800+30"]

1. e4 c5 2. Nc3 Nc6 3. g3 g6 4. Bg2 Bg7 5. d3 e5 6. Be3 d6 7. Qd2 Nge7 8. Bh6 O-O 9. h4 f6 10. Bxg7 Kxg7 11. h5 g5 12. h6+ Kh8 13. f4 gxf4 14. gxf4 Bg4 15. fxe5 dxe5 16. Bf3 Be6 $11 17. Nge2 Nd4 18. Rf1 Rc8 19. Nxd4 cxd4 20. Ne2 Qb6 21. b3 Qc5 22. Rc1 Qa3 23. c4 dxc3 24. Rxc3 Nc6 25. Bh5 Rcd8 26. Qe3 Qxa2 27. Rxf6 Qa1+ 28. Rc1 Qa5+ 29. Nc3 Nb4 30. Rxf8+ Rxf8 31. Qg5 Qc7 32. Kd2 Rf2+ 33. Be2 Nc6 34. Rg1 Nd4 35. Ke3 Rf4 36. Rg2 Nxb3 37. Bh5 Qb6+ 38. Ke2 Nd4+ 39. Ke1 Qc7 40. Kd2 b5 41. Ke3 b4 42. Na4 Qc1+ {[%emt 0:01:01] Kxd4} 0-1

[Event "54th Rubinstein Memorial-A 2018"]
[Site "Polanica-Zdroj"]
[Date "2018.08.24"]
[Round "7"]
[White "Kozak, Antoni"]
[Black "Kucza, Karol"]
[Result "1-0"]
[ECO "D00"]
[WhiteElo "2157"]
[BlackElo "2342"]
[Annotator "NA"]
[PlyCount "73"]
[EventDate "2018.08.18"]
[EventType "swiss"]
[EventCountry "POL"]
[SourceTitle "playchess.com"]
[Source "ChessBase"]
[SourceQuality "1"]
[TimeControl "40/5400+30:1800+30"]

1. d4 d5 2. Bf4 Nf6 3. e3 c5 4. c3 Nc6 5. Nd2 e6 6. Ngf3 Bd6 7. Bg3 O-O 8. Bd3 b6 9. e4 dxe4 10. Nxe4 Nxe4 11. Bxe4 Bb7 12. Qa4 Na5 13. dxc5 Bxc5 14. Rd1 Qc8 15. Bxh7+ Kxh7 16. Qh4+ Kg8 17. Ng5 Rd8 18. Qh7+ Kf8 19. Bh4 Rxd1+ 20. Kxd1 Qd7+ 21. Kc1 Ke8 22. Rd1 Bd5 23. Qxg7 Bf8 24. Qg8 Qc7 25. Nh7 Qf4+ 26. Rd2 Nc4 27. Nf6+ Qxf6 28. Bxf6 Nxd2 29. Kxd2 Kd7 30. Qxf7+ Kc6 31. b3 b5 32. Be5 Rc8 33. g4 Bc5 34. g5 Kb6 35. g6 Be4 36. Qxe6+ Rc6 37. Bc7+ 1-0

[Event "54th Rubinstein Memorial-A 2018"]
[Site "Polanica-Zdroj"]
[Date "2018.08.24"]
[Round "7"]
[White "Klepek, Witold"]
[Black "Nowak, Kamil"]
[Result "1/2-1/2"]
[ECO "C45"]
[WhiteElo "2139"]
[BlackElo "2313"]
[Annotator "NA"]
[PlyCount "87"]
[EventDate "2018.08.18"]
[EventType "swiss"]
[EventCountry "POL"]
[SourceTitle "playchess.com"]
[Source "ChessBase"]
[SourceQuality "1"]
[TimeControl "40/5400+30:1800+30"]

1. e4 e5 2. Nf3 Nc6 3. d4 exd4 4. Nxd4 Nf6 5. Nxc6 bxc6 6. e5 Qe7 7. Qe2 Nd5 8. c4 Nb6 9. Nc3 Ba6 10. Qe4 Qe6 11. b3 {[%emt 0:06:10] C45: Scotch Game} Bb4 12. Bd2 Bxc3 13. Bxc3 d5 14. cxd5 (14. Qh4 dxc4 15. Rc1 Qg6 16. g3 O-O 17. Be2 c5 18. O-O Bb7 19. bxc4 Rad8 20. Rcd1 Rxd1 21. Rxd1 Qc2 22. Rd8 {½-½ (22) Motylev,A (2660)-Jakovenko,D (2712) Poikovsky 2016}) 14... cxd5 15. Qb4 Bxf1 16. Rxf1 Nd7 17. O-O-O c5 18. Qb7 Nb6 19. f4 $146 O-O 20. f5 Qh6+ 21. Kb1 Qxh2 22. f6 Qg3 $11 23. fxg7 Qxg7 24. Rf6 Rad8 25. Rdf1 Qxg2 26. Qe7 Rd7 27. Qxc5 d4 28. Bb2 Rc8 29. Qa5 Nd5 30. Qe1 Rc2 31. R6f2 Rxf2 32. Rxf2 Qg6+ 33. Ka1 Ne3 34. e6 Qxe6 35. Qb4 Qb6 36. Qa4 Rd8 37. Rd2 a6 38. Bxd4 Rxd4 39. Qe8+ Kg7 40. Qxe3 Rd6 41. Qc3+ Kg8 42. Qc8+ Kg7 43. Qc3+ Kg8 44. Qc8+ 1/2-1/2

[Event "54th Rubinstein Memorial-A 2018"]
[Site "Polanica-Zdroj"]
[Date "2018.08.24"]
[Round "7"]
[White "Bilczewski, Kacper"]
[Black "Reza, Wojciech"]
[Result "1/2-1/2"]
[ECO "B22"]
[WhiteElo "2089"]
[BlackElo "2303"]
[Annotator "NA"]
[PlyCount "34"]
[EventDate "2018.08.18"]
[EventType "swiss"]
[EventCountry "POL"]
[SourceTitle "playchess.com"]
[Source "ChessBase"]
[SourceQuality "1"]
[TimeControl "40/5400+30:1800+30"]

1. e4 c5 2. c3 Nf6 3. e5 Nd5 4. d4 cxd4 5. cxd4 d6 6. Bc4 Nb6 7. Bb5+ Bd7 8. e6 Bxb5 9. Qh5 Qc8 10. Qxb5+ Kd8 11. Nc3 Qxe6+ 12. Nge2 d5 13. Bf4 Qc6 14. Qd3 Qg6 15. Qb5 Qc6 16. Qd3 $11 Qg6 17. Qb5 Qc6 1/2-1/2